Map: Temple gelé

Players

Ciucaru - Winner!

  • Race: Terran Terran
  • League: Diamond
  • Spawn Location: 11:00

zidar

  • Race: Zerg Zerg
  • League: Platinum
  • Spawn Location: 5:00

VOD

Have the link to the VOD?

Description

Time

  • Played on: Nov. 16, 2016, 2:54 p.m.
  • Length: 17:31
Show
View Real Time Build Order
Export as new Build Order

Ciucaru Terran - Winner!

Build Orders: Mech 

Get SALT Encoding   

  12  0:01  SCV  
  13  0:13  SCV  
  14  0:22  Supply Depot  
  14  0:25  SCV  
  15  0:30  Refinery  
  15  0:43  SCV  
  15  0:47  Barracks  
  16  0:55  SCV  
  17  1:07  SCV  
  18  1:21  SCV  
  19  1:29  Command Center  
  19  1:34  SCV  
  19  1:38  Supply Depot  
  20  1:44  Reaper  
  20  1:46  SCV  
  22  2:00  SCV  
  23  2:04  Refinery  
  23  2:12  SCV  
  24  2:16  Reaper  
  24  2:19  Supply Depot  
  25  2:31  SCV  
  26  2:45  Factory  
  26  2:48  Marine  
  27  3:06  Marine  
  27  3:11  Orbital Command  
  28  3:22  Factory, Orbital Command  
  28  3:23  Marine, Supply Depot  
  28  3:24  Factory  
  29  3:41  Marine  
  29  3:52  Factory Reactor  
  26  3:55  Armory  
  26  3:59  Marine  
  26  4:01  SCV  
  28  4:08  Hellion  
  32  4:10  Hellion  
  32  4:14  SCV  
  33  4:17  Marine  
  33  4:20  SCV  
  35  4:26  SCV  
  35  4:29  Hellion  
  35  4:31  Hellion x2  
  42  4:32  SCV  
  42  4:34  Hellion  
  42  4:35  Marine  
  46  4:44  SCV  
  36  4:53  Marine  
  36  4:57  Hellion x3  
  36  4:58  SCV  
  44  5:04  Orbital Command  
  44  5:08  Hellion x4  
  44  5:11  SCV  
  45  5:24  Hellion x4  
  53  5:34  SCV  
  41  5:45  Hellion  
  41  5:46  SCV  
  41  5:50  Factory Tech Lab  
  41  5:51  Factory Reactor  
  41  5:58  SCV  
  42  6:06  SCV  
  42  6:07  Marine  
  42  6:08  Refinery  
  42  6:09  Refinery, Starport  
  42  6:11  SCV  
  45  6:18  SCV  
  45  6:23  SCV  
  39  6:26  Hellion x3  
  39  6:30  SCV  
  39  6:32  Infernal Pre-Igniter  
  46  6:33  Marine  
  46  6:35  SCV  
  48  6:43  SCV  
  48  6:45  Hellion x2  
  53  6:47  Starport Reactor  
  53  6:48  Hellion x3  
  53  6:51  Marine  
  53  6:53  Terran Vehicle And Ship Armor Level 1  
  60  6:56  Armory  
  60  7:03  SCV  
  61  7:09  Liberator x2  
  61  7:15  SCV  
  61  7:16  Marine, Hellion x3  
  61  7:17  Hellion  
  69  7:27  SCV  
  74  7:34  Marine  
  71  7:40  SCV  
  71  7:42  Siege Tank  
  75  7:45  SCV  
  76  7:51  Marine  
  76  7:52  SCV  
  76  7:56  Supply Depot  
  78  8:00  Liberator x2  
  78  8:18  SCV  
  85  8:26  Siege Tank  
  85  8:30  Widow Mine, SCV  
  74  8:41  SCV  
  66  8:42  SCV  
  66  8:43  Liberator  
  67  8:51  Drilling Claws  
  67  8:53  SCV  
  67  8:54  SCV  
  69  8:58  Siege Tank  
  75  9:05  SCV  
  75  9:06  SCV  
  74  9:17  SCV  
  74  9:18  SCV  
  71  9:29  SCV  
  71  9:30  SCV  
  51  9:41  SCV  
  51  9:42  SCV  
  41  9:48  Liberator x2  
  41  9:53  SCV  
  41  9:54  SCV  
  40  10:05  SCV  
  40  10:06  SCV  
  48  10:17  SCV  
  48  10:18  SCV  
  48  10:20  Siege Tank  
  53  10:29  SCV  
  53  10:30  Liberator  
  53  10:31  SCV  
  52  10:42  SCV  
  61  10:43  SCV  
  61  10:46  Widow Mine x2  
  61  10:47  Widow Mine x2  
  62  10:52  Siege Tank  
  62  10:54  SCV  
  53  11:15  Widow Mine x2  
  53  11:16  Widow Mine  
  55  11:23  Widow Mine  
  57  11:32  Widow Mine  
  56  11:43  Widow Mine  
  64  12:02  Widow Mine x4  
  64  12:05  Orbital Command  
  66  12:12  Widow Mine  
  74  12:30  Widow Mine  
  74  12:31  Widow Mine x3  
  76  12:41  Widow Mine  
  76  12:50  Marine  
  77  12:52  Siege Tank  
  84  12:59  Widow Mine x2  
  84  13:04  SCV  
  85  13:08  Marine  
  86  13:52  Command Center  
  86  13:57  Marine  
  86  13:58  SCV x2  
  89  14:10  SCV  
  94  14:20  Widow Mine x2  
  94  14:48  Marine, SCV  
  94  14:56  Widow Mine  
  102  15:11  Widow Mine x4  
  100  15:24  Widow Mine  
  103  15:41  Widow Mine  
  103  15:42  Widow Mine x3  
  105  15:53  Widow Mine  
  109  16:10  Widow Mine x2  
  109  16:18  Supply Depot  
  109  16:22  Liberator x2  
  107  16:32  Widow Mine  
Show
View Real Time Build Order
Export as new Build Order

zidar Zerg 

Build Orders: Hatch First 

Get SALT Encoding   

  12  0:01  Drone  
  13  0:12  Overlord  
  13  0:17  Drone  
  14  0:30  Drone  
  14  0:31  Drone  
  16  0:51  Hatchery  
  16  0:54  Drone  
  16  0:57  Extractor  
  16  1:02  Drone  
  16  1:15  Spawning Pool  
  15  1:21  Drone  
  15  1:24  Drone  
  17  1:27  Drone  
  17  1:32  Drone  
  19  2:02  Queen  
  19  2:03  Queen  
  19  2:04  Metabolic Boost  
  19  2:07  Zergling x2  
  19  2:08  Zergling x2  
  25  2:11  Zergling x2  
  26  2:20  Drone  
  26  2:21  Overlord  
  27  2:35  Drone  
  28  2:38  Extractor  
  27  3:14  Drone x5  
  27  3:15  Drone x4  
  27  3:18  Overlord x2  
  27  3:19  Overlord  
  36  3:30  Pneumatized Carapace  
  36  3:32  Baneling Nest  
  34  3:56  Zergling x10  
  34  3:57  Zergling x6  
  42  4:32  Evolution Chamber  
  37  4:59  Baneling x3  
  37  5:00  Baneling  
  37  5:02  Zergling x24  
  43  5:24  Roach Warren  
  32  5:55  Zergling x16  
  32  5:56  Zergling x4  
  40  5:57  Zergling x4  
  40  6:03  Zerg Ground Armor Level 1  
  42  6:08  Overlord  
  33  6:26  Roach x7  
  47  6:49  Roach x6  
  47  6:51  Ravager x2  
  47  6:52  Ravager  
  62  7:14  Ravager  
  62  7:40  Baneling x2  
  62  7:45  Overlord  
  62  7:46  Overlord x3  
  62  7:50  Roach  
  62  7:51  Roach x2  
  68  7:58  Baneling  
  68  7:59  Baneling  
  68  8:12  Roach x7  
  84  8:13  Roach  
  67  8:59  Ravager x3  
  51  10:03  Ravager x3  
  51  10:05  Ravager x2  
  54  10:08  Roach  
  54  10:11  Zergling x10  
  61  10:34  Ravager  
  33  11:17  Roach x8  
  36  11:51  Extractor  
  36  11:54  Extractor  
  30  12:13  Zergling x20  
  40  12:21  Drone x3  
  26  13:11  Spore Crawler  
  20  13:17  Lair  
  20  13:23  Drone x13  
  31  14:00  Ravager  
  31  14:01  Ravager  
  33  14:19  Overseer  
  33  14:21  Ravager  
  34  14:27  Hatchery  
  17  15:35  Roach x16  
  49  15:41  Drone x3  
  52  15:55  Queen  
  54  15:58  Ravager x3  
  55  16:10  Ravager x2  
  54  16:18  Overseer  
  51  16:38  Drone x11  
  51  17:05  Drone x8  
Tags
 
Composition
Mech
Matchup
TvZ
Spawn Locations
Cross Positions
Add a new tag
Caveats
  • Supply blocks, unpowered buildings, or Contaminate may cause inaccurate times.
  • Supply counts are checked every 10 seconds.